 Dungeon Crawl Stone Soup version 0.24-a0-269-g32ec7ca (webtiles) character file.

Game seed: 13985141834668636129

42 GroovyGamera the Skirmisher (level 3, 0/33 HPs)
             Began as a Draconian Fighter on Apr 21, 2019.
             Succumbed to an adder's poison
             ... on level 2 of the Dungeon.
             The game lasted 00:02:15 (1214 turns).

GroovyGamera the Skirmisher (Draconian Fighter)     Turns: 1214, Time: 00:02:16

Health: 0/33       AC:  5    Str: 18    XL:     3   Next: 35%
Magic:  3/3        EV: 10    Int:  9    God:
Gold:   75         SH:  9    Dex: 10    Spells: 2/2 levels left

rFire    . . .     SeeInvis .   a - +0 long sword
rCold    . . .     Gourm    .   b - +0 shield
rNeg     . . .     Faith    .   (armour unavailable)
rPois    .         Spirit   .   (helmet restricted)
rElec    .         Reflect  .   (no cloak)
rCorr    .         Harm     .   (no gloves)
MR       .....                  (no boots)
Stlth    +.........             (no amulet)
HPRegen  0.11/turn              (no ring)
MPRegen  0.08/turn              (no ring)

@: lethally poisoned (0 -> -3)
A: unfitting armour, cold-blooded, AC +5
a: no special abilities


You were on level 2 of the Dungeon.
You were very hungry.

You visited 1 branch of the dungeon, and saw 2 of its levels.

You collected 75 gold pieces.

Inventory:

Hand Weapons
 a - a +0 long sword (weapon)
Missiles
 f - 20 sling bullets
 h - 7 tomahawks (quivered)
Armour
 b - a +0 shield (worn)
Scrolls
 g - 2 scrolls of enchant armour {unknown}
 l - a scroll of identify {unknown}
Potions
 c - 2 potions of might
 e - a potion of brilliance {unknown}
 i - a potion of magic {unknown}
 j - a potion of haste {unknown}
 k - a potion of lignification {unknown}
Comestibles
 d - 3 rations


   Skills:
 + Level 3.7 Fighting
 * Level 3.0 Long Blades
 - Level 2.6 Dodging
 + Level 3.4 Shields


You had 2 spell levels left.
You didn't know any spells.
Your spell library was empty.

Dungeon Overview and Level Annotations

Branches:
Dungeon (2/15)

Altars:


Innate Abilities, Weirdness & Mutations

Your plain brown scales are hard. (AC +5)
You cannot fit into any form of body armour.
You are cold-blooded and may be slowed by cold attacks.


Message History

* * * LOW HITPOINT WARNING * * *
You closely miss the orc.
The orc is heavily wounded.
The adder closely misses you.
You riposte.
You closely miss the adder. The orc hits you with a +0 mace.
* * * LOW HITPOINT WARNING * * *
The adder bites you.
* * * LOW HITPOINT WARNING * * *
You are lethally poisoned!
The adder poisons you!
You hit the orc but do no damage.
The orc is heavily wounded.
* * * LOW HITPOINT WARNING * * *
You feel sick. The adder misses you. The orc closely misses you.
The adder barely misses you.
You hit the orc.
You kill the orc!
The adder barely misses you.
You completely miss the adder.
You die...

#.# #.#
#.# #.#
#.# #.#
#.#
######.##
#%...)@.#
#.....S.#
##......#
#......#
#......#
#......#
#......#
#....###


You could see an adder.

Vanquished Creatures
  A gnoll (D:2)
  A worm (D:2)
  A dart slug (D:1)
  An orc (D:2)
  2 goblins (D:1)
  4 hobgoblins (D:1)
  4 jackals (D:1)
  3 kobolds (D:1)
  3 bats (D:1)
  2 frilled lizards (D:1)
  3 rats (D:1)
25 creatures vanquished.

Notes
Turn   | Place    | Note
-------+----------+-------------------------------------------
     0 | D:1      | GroovyGamera the Draconian Fighter began the quest for the
                  | Orb.
     0 | D:1      | Reached XP level 1. HP: 19/19 MP: 1/1
    85 | D:1      | Reached XP level 2. HP: 26/26 MP: 2/2
   640 | D:2      | Reached XP level 3. HP: 4/33 MP: 3/3
  1212 | D:2      | HP: 1/33 [poisoned by an adder]
  1214 | D:2      | Succumbed to an adder's poison

Levels and vault maps discovered:
D:1:      dpeg_arrival_refuge, layout_loops_ring
D:2:      layout_loops_ring, first_ration, trog_butcher_becter, uniq_jessica,
          uniq_natasha

Skill      XL: |  1  2  3 |
---------------+----------+-----
Long Blades    | 3 |  3.0
Fighting       | |  3.7
Dodging        | |  2.6
Shields        | |  3.4

Action                   || total
-------------------------++-------
Melee: Long sword        ||    92
       Tailslap          ||     7
Armor: Skin              ||    30
Dodge: Dodged            ||    46
Block: Shield            ||    42
       Rpst.: Long sword ||    12

Table legend:
 A = Non-vault XP
 B = Vault XP
 C = Vault XP percentage of total XP
 D = Non-vault monster count
 E = Vault monster count
 F = Vault count percentage of total count
                 A         B        C        D         E       F
            +---------+---------+-------+---------+---------+-------
      Total |      61 |       0 |   0.0 |      25 |       0 |   0.0
            +---------+---------+-------+---------+---------+-------
        D:1 |      38 |       0 |   0.0 |      22 |       0 |   0.0
        D:2 |      23 |       0 |   0.0 |       3 |       0 |   0.0
            +---------+---------+-------+---------+---------+-------
